 Dungeon Crawl Stone Soup version 0.30-a0-377-g5cb311bc9f (webtiles) character file.

Game seed: 3736257503482421703

2694 drugrobin the Carver (level 9, -1/74 HPs)
             Began as a Demigod Delver on Nov 28, 2022.
             Slain by a troll (9 damage)
             ... on level 7 of the Dungeon.
             The game lasted 00:27:49 (8005 turns).

drugrobin the Carver (Demigod Delver)               Turns: 8005, Time: 00:27:49

Health: -1/74      AC:  6    Str: 21    XL:     9   Next: 16%
Magic:  11/11      EV: 12    Int: 12    God:
Gold:   304        SH:  5    Dex: 19    Spells: 8/8 levels left

rFire   . . .      SeeInvis .    a - +0 falchion
rCold   . . .      Faith    .    (no shield)
rNeg    . . .      Spirit   .    j - +0 troll leather armour {Pargi}
rPois   .          Reflect  +    F - +0 helmet
rElec   .          Harm     .    n - +0 cloak
rCorr   .          Rampage  .    (no gloves)
Will    .....                    (no boots)
Stlth   +++.......               u - amulet of reflection
HPRegen 1.12/turn                (no ring)
MPRegen 0.12/turn                (no ring)

@: no status effects
A: high MP 1, forlorn, divine attributes
a: no special abilities


You were on level 7 of the Dungeon.
You visited 1 branch of the dungeon, and saw 7 of its levels.
You also visited: Sewer.

You collected 359 gold pieces.
You spent 55 gold pieces at shops.

Inventory:

Hand Weapons
 a - a +0 falchion (weapon)
 b - a +0 sling
 B - a +0 rapier
Missiles
 k - 6 datura-tipped darts
 v - 21 stones (quivered)
 A - 7 poisoned darts
 J - a throwing net
Armour
 j - a +0 troll leather armour (worn) {Pargi}
 n - a +0 cloak (worn)
 F - a +0 helmet (worn)
 G - a +1 chain mail of cold resistance
Jewellery
 s - a ring of fire
 u - an amulet of reflection (around neck)
Wands
 e - a wand of roots (13)
 g - a wand of digging (1)
 r - a wand of polymorph (6)
Scrolls
 c - 2 scrolls of fog
 o - 3 scrolls of amnesia
 p - 3 scrolls of blinking
 q - a scroll of enchant weapon
 w - 5 scrolls of teleportation
 y - 2 scrolls of fear
 z - a scroll of identify
 H - a scroll of summoning
 I - a scroll of poison
 K - 2 scrolls of acquirement {unknown}
 L - a scroll of magic mapping
Potions
 d - 2 potions of heal wounds
 f - a potion of haste
 h - a potion of berserk rage {unknown}
 i - a potion of lignification {unknown}
 l - a potion of ambrosia {unknown}
 m - 2 potions of brilliance {unknown}
 t - 3 potions of resistance
 x - a potion of attraction {unknown}
 C - 3 potions of might {unknown}
 D - 2 potions of flight {unknown}
 E - 3 potions of curing {unknown}
 M - a potion of cancellation {unknown}


   Skills:
 + Level 5.6 Fighting
 * Level 10.9 Long Blades
 - Level 1.7 Dodging
 - Level 4.5 Stealth


You had 8 spell levels left.
You didn't know any spells.
Your spell library contained the following spells:

 Spells                   Type           Power      Damage    Failure   Level
 Magic Dart               Conj           0%         1d3       36%         1
 Slow                     Hex            0%         N/A       36%         1
 Call Imp                 Summ           0%         N/A       50%         2
 Cigotuvi's Dreadful Rot  Necr/Pois/Air  0%         N/A       50%         2
 Poisonous Vapours        Pois/Air       0%         N/A       50%         2
 Confusing Touch          Hex            0%         N/A       75%         3
 Inner Flame              Hex/Fire       0%         N/A       75%         3
 Mephitic Cloud           Conj/Pois/Air  0%         N/A       75%         3
 Vampiric Draining        Necr           0%         2d6       75%         3
 Flame Wave               Conj/Fire      0%         2d4       98%         4
 Sticky Flame             Conj/Fire      0%         2d3       98%         4


Dungeon Overview and Level Annotations

Branches:
Dungeon (7/15)              Sewer (visited)
 Temple: D:4-7

Shops:
D:5 *   D:7 :

Annotations:
D:4 3 runed translucent doors, qeuew's ghost, amateur FoFi


Innate Abilities, Weirdness & Mutations

You have an increased reservoir of magic. (+10% MP)
You shall have no god before yourself.
Your divine heritage dramatically boosts your attributes as you level up.


Message History

The troll closely misses you.
You barely miss the troll.
The troll is severely wounded.
You hit the troll but do no damage.
The troll is severely wounded.
The troll bites you! The troll claws you!
The troll claws you but does no damage.
You barely miss the troll.
The troll is severely wounded.
The troll closely misses you. The troll misses you.
You block the troll's attack.
You closely miss the troll.
The troll is heavily wounded.
You closely miss the troll.
The troll is heavily wounded.
A killer bee comes into view.
You block the troll's attack. The troll completely misses you.
The troll claws you but does no damage.
The killer bee moves out of view.
You barely miss the troll.
The troll is heavily wounded.
You block the troll's attack. x2; The troll completely misses you.
Unknown command.
You slash the troll!
The troll is severely wounded.
The troll bites you! The troll claws you but does no damage.
The troll claws you.
Unknown command.
Unknown command.
You hit the troll but do no damage.
The troll is severely wounded.
Unknown command.
Unknown command.
You hit the troll.
The troll is severely wounded.
The troll bites you!
* * * LOW HITPOINT WARNING * * *
The troll claws you.
* * * LOW HITPOINT WARNING * * *
The troll claws you!
You die...

######## #.#....# #
##......#.###..
#......@T......
#......##......
##...>..# .....
#......## .....
...#.....### ...o
#..##....).### ..#
#.....####.#.##.##
#....## #.......##
#.#..#.###..#......


You could see a troll.

Vanquished Creatures
  2 water moccasins
  Pargi (Sewer)
  4 black bears
  A sky beast (D:6)
  3 ogres (D:5)
  An ice beast (D:5)
  2 phantoms (D:5)
  3 bullfrogs
  5 scorpions
  2 necrophages (D:5)
  A howler monkey (D:4)
  3 hounds
  2 jellies
  Crazy Yiuf (D:3)
  A gnoll bouda (D:6)
  2 iguanas
  Ijyb (D:3)
  Jessica (D:2)
  3 orc wizards
  Natasha (thrice) (D:2)
  Terence (D:2)
  8 gnolls
  11 adders
  A river rat (D:6)
  A white imp (D:7)
  A worm (D:4)
  5 dart slugs
  29 orcs
  6 bats
  7 endoplasms
  7 giant cockroaches
  5 goblins
  7 hobgoblins
  A jackal (Sewer)
  5 quokkas
  13 ball pythons
  3 frilled lizards
  5 kobolds
  5 rats
163 creatures vanquished.

Notes
Turn   | Place    | Note
-------+----------+-------------------------------------------
     0 | D:5      | drugrobin the Demigod Delver began the quest for the Orb.
     0 | D:5      | Reached XP level 1. HP: 18/18 MP: 3/3
    32 | D:5      | Noticed an iguana
    54 | D:3      | Noticed Terence
    56 | D:3      | Noticed a bullfrog
   147 | D:1      | Reached skill level 2 in Long Blades
   337 | D:1      | Reached XP level 2. HP: 21/25 MP: 4/4
   478 | D:1      | Reached skill level 3 in Long Blades
   846 | D:2      | Noticed Jessica
   929 | D:2      | Reached XP level 3. HP: 28/30 MP: 5/5
  1263 | D:4      | Noticed a water moccasin
  1348 | D:4      | Reached skill level 4 in Long Blades
  1348 | D:4      | Reached XP level 4. HP: 18/37 MP: 6/6
  1526 | D:5      | Noticed a necrophage
  1526 | D:5      | Found Kuriamosm's General Store.
  1668 | D:4      | Noticed qeuew's ghost (amateur FoFi)
  1680 | D:4      | Found a runed translucent gate.
  1680 | D:4      | Found a runed translucent gate.
  1680 | D:4      | Found a runed translucent gate.
  1779 | D:3      | Noticed Ijyb
  1835 | D:4      | Reached skill level 5 in Long Blades
  1835 | D:4      | Reached XP level 5. HP: 22/42 MP: 7/7
  2278 | D:5      | Reached skill level 6 in Long Blades
  2278 | D:5      | Reached XP level 6. HP: 36/50 MP: 8/8
  2280 | D:5      | Bought a potion of heal wounds for 55 gold pieces
  2545 | D:2      | HP: 2/50 [bullfrog (4)]
  2808 | D:2      | Killed Jessica
  3177 | D:2      | Killed Terence
  3455 | D:2      | Noticed Natasha
  3464 | D:2      | Killed Natasha
  3465 | D:2      | Reached skill level 7 in Long Blades
  3573 | D:2      | Noticed Natasha
  3597 | D:2      | Killed Natasha
  3823 | D:2      | Noticed Natasha
  3832 | D:2      | Killed Natasha
  3972 | D:3      | Killed Ijyb
  4088 | D:3      | Reached XP level 7. HP: 56/56 MP: 9/9
  4237 | D:3      | Found a runed translucent door.
  4238 | D:3      | Noticed Crazy Yiuf
  4503 | D:3      | Killed Crazy Yiuf
  5132 | D:5      | Reached skill level 8 in Long Blades
  5811 | D:5      | Reached skill level 9 in Long Blades
  5811 | D:5      | Reached XP level 8. HP: 64/66 MP: 10/10
  6446 | D:5      | Reached skill level 10 in Long Blades
  6748 | D:6      | Found a glowing drain.
  6755 | Sewer    | Entered a sewer
  6819 | Sewer    | Noticed Pargi
  6839 | Sewer    | Killed Pargi
  7007 | D:6      | Reached skill level 5 in Fighting
  7356 | D:6      | Reached XP level 9. HP: 56/74 MP: 11/11
  7704 | D:7      | Found Quxzod's Book Emporium.
  8005 | D:7      | Slain by a troll

Illustrated notes

Levels and vault maps discovered:
D:1:      denvon_arrival_waterhouse, layout_rooms, minmay_misc_feat_enclosed
D:2:      layout_basic, uniq_natasha, uniq_jessica
D:3:      layout_rooms, mainiacjoe_overflow_alcove_4, st_stairs_9,
          uniq_crazy_yiuf_cottage, uniq_terence, uniq_ijyb
D:4:      layout_basic, gammafunk_ghost_split, nicolae_hexahallways
D:5:      layout_basic, serial_shops, nicolae_stop_n_shop_1,
          minmay_joined_circles
D:6:      layout_cave_pods, mainiacjoe_overflow_six_doors_small,
          portal_sewer_entry_e, ebering_dispersal_statue_hall
D:7:      layout_cave_pools, minmay_temple_entry_overgrown, serial_shops, shop,
          minmay_parallelograms, chequers_serial_rivers_marsh

Skill      XL: |  1  2  3  4  5  6  7  8 |
---------------+-------------------------+-----
Long Blades    | 2 3 4 5 6 7 9 10 | 10.9
Fighting       | 3 5 |  5.6
Dodging        | |  1.7
Stealth        | |  4.5

Action                   |  1- 3 |  4- 6 |  7- 9 || total
-------------------------+-------+-------+-------++-------
Melee: Falchion          |   152 |   263 |   461 ||   876
       Punch             |     1 |     7 |    12 ||    20
 Fire: Sling             |    15 |       |       ||    15
Throw: Stone             |     3 |     2 |    13 ||    18
       Dart              |       |    11 |    15 ||    26
Evoke: Wand              |     1 |       |    11 ||    12
  Use: Scroll            |     2 |       |     9 ||    11
       Potion            |     1 |     1 |     1 ||     3
 Stab: Sleeping          |     2 |       |     1 ||     3
       Invisible         |       |       |     1 ||     1
Armor: Leather armour    |    10 |       |       ||    10
       Ring mail         |    38 |       |       ||    38
       Chain mail        |    25 |   120 |   135 ||   280
       Troll leather arm |       |       |    31 ||    31
Dodge: Dodged            |    97 |    83 |   166 ||   346
Block: Other             |       |    47 |    86 ||   133
       Reflection        |       |     2 |       ||     2

Table legend: (Time is in decaauts)
 A = Elapsed time spent in this place.
 B = Non-inter-level travel time spent in this place.
 C = Inter-level travel time spent in this place.
 D = Time resting spent in this place.
 E = Time spent auto-exploring this place.
 F = Levels seen in this place.
 G = Mean time per level.
                   A        B        C        D        E       F      G
               +--------+--------+--------+--------+--------+-----+--------+
         Total |   7967 |   7432 |    535 |   1179 |   3148 |   8 |  995.9 |
       Dungeon |   7749 |   7214 |    535 |   1179 |   3082 |   7 | 1107.0 |
         Sewer |    218 |    218 |      0 |      0 |     65 |   1 |  218.0 |
               +--------+--------+--------+--------+--------+-----+--------+

Top non-repeatable levels by time:
     D:5: 2017 daAuts
     D:2: 1738 daAuts
     D:4: 1378 daAuts
     D:6: 852 daAuts
     D:3: 777 daAuts
     D:1: 700 daAuts
     D:7: 285 daAuts
   Sewer: 218 daAuts
